 Dungeon Crawl Stone Soup version 0.25-a0-516-g7d600cd (webtiles) character file.

Game seed: 5325349605743099134, levelgen mode: deterministic

20 Crocosaw the Shield-Bearer (level 3, 29/29 HPs)
             Began as a Formicid Fighter on Feb 17, 2020.
             Quit the game on level 1 of the Dungeon.
             The game lasted 00:01:10 (437 turns).

Crocosaw the Shield-Bearer (Formicid Fighter)        Turns: 437, Time: 00:01:10

Health: 29/29      AC:  6    Str: 21    XL:     3   Next: 0%
Magic:  3/3        EV:  8    Int:  7    God:
Gold:   34         SH:  9    Dex: 10    Spells: 2/2 levels left

rFire    . . .     SeeInvis +   a - +0 war axe
rCold    . . .     Gourm    .   c - +0 kite shield
rNeg     . . .     Faith    .   b - +0 scale mail
rPois    .         Spirit   .   (helmet unavailable)
rElec    .         Reflect  .   (no cloak)
rCorr    .         Harm     .   (no gloves)
MR       .....                  (no boots)
Stlth    ..........             (no amulet)
HPRegen  0.09/turn              (no ring)
MPRegen  0.08/turn              (no ring)

@: no status effects
A: permanent stasis, dig shafts and tunnels, four strong arms, antennae 3
a: Dig, Shaft Self


You were on level 1 of the Dungeon.
You were not hungry.

You visited 1 branch of the dungeon, and saw 1 of its levels.

You collected 34 gold pieces.

Inventory:

Hand Weapons
 a - a +0 war axe (weapon)
Armour
 b - a +0 scale mail (worn)
 c - a +0 kite shield (worn)
Scrolls
 e - a scroll of enchant armour {unknown}
 h - a scroll of remove curse {unknown}
Potions
 d - a potion of might
Comestibles
 f - a ration
 g - 10 chunks of flesh


   Skills:
 + Level 3.4 Fighting
 + Level 2.4 Axes
 + Level 3.6 Armour
 + Level 3.9 Shields


You had 2 spell levels left.
You didn't know any spells.
Your spell library was empty.

Dungeon Overview and Level Annotations

Branches:
Dungeon (1/15)

Altars:


Innate Abilities, Weirdness & Mutations

You cannot be hasted, slowed, berserked, paralysed or teleported.
You can dig through walls and to a lower floor.
Your four strong arms can wield two-handed weapons with a shield.
You have a pair of large antennae on your head. (SInv)


Message History

A rat comes into view.
There is an open door here.
The kobold throws a stone.
The stone closely misses you.
You see here a stone.
The kobold hits you but does no damage.
You slash the kobold!
You kill the kobold!
You hit the rat.
You kill the rat!
You hit the ooze. You block the ooze's attack. The ooze barely misses you.
You slash the ooze!
The ooze is almost dead.
You slash the rat!
You kill the rat!
You have reached level 3!
Your experience leads to an increase in your attributes!
Increase (S)trength, (I)ntelligence, or (D)exterity?
You feel stronger. You block the ooze's attack.
Are you sure you want to abandon this character and quit the game? (Confirm with "yes".)

..##..####..#
..###.##.(..# ###### ..#
#.......# #....# ..#
#.......# #....# ###
#...##..# #....#
##'###..###....#
######.##....##....##
#............('.....#
.............##(@...#
...........(.##.J†..#
..#####+#...............
..# ..#.##...........
..# ##.#.##...........
..# # #.##...........
.## #........... ..#
#######..... ###


You could see an ooze.

Vanquished Creatures
  A ball python (D:1)
  A hobgoblin (D:1)
  5 jackals (D:1)
  4 kobolds (D:1)
  A bat (D:1)
  4 frilled lizards (D:1)
  3 rats (D:1)
19 creatures vanquished.

Notes
Turn   | Place    | Note
-------+----------+-------------------------------------------
     0 | D:1      | Crocosaw the Formicid Fighter began the quest for the Orb.
     0 | D:1      | Reached XP level 1. HP: 18/18 MP: 1/1
   212 | D:1      | Reached XP level 2. HP: 24/24 MP: 2/2
   436 | D:1      | Reached XP level 3. HP: 29/29 MP: 3/3
   437 | D:1      | Quit the game

Levels and vault maps discovered:
D:1:      minmay_arrival_widening_spiral_wide, layout_basic

Action                   || total
-------------------------++-------
Melee: War axe           ||    41
Armor: Scale mail        ||    22
Dodge: Dodged            ||    15
Block: Kite shield       ||    31

Table legend:
 A = Non-vault XP
 B = Vault XP
 C = Vault XP percentage of total XP
 D = Non-vault monster count
 E = Vault monster count
 F = Vault count percentage of total count
                 A         B        C        D         E       F
            +---------+---------+-------+---------+---------+-------
      Total |      29 |       0 |   0.0 |      19 |       0 |   0.0
            +---------+---------+-------+---------+---------+-------
        D:1 |      29 |       0 |   0.0 |      19 |       0 |   0.0
            +---------+---------+-------+---------+---------+-------
